AoeStats
← CrookCrab8029

Arena

508363927Analyzed
1v1 RM · 11d ago on Sep 22, 2026· 21m 40s· 2 players
Game mode
Random Map
Map size
Tiny (2 player)
Population
200
Speed
Normal
Resources
Standard
Victory
Conquest
Starting age
Dark Age
Ending age
Imperial Age
RankedLock teamsTeams togetherTeam positionsShared explorationLock speedFull tech treeHidden civsTurbo modeCheats
Victory
Defeat
🇯🇵 Turks · Japan
1099
+16
🇲🇽 Sicilians · Mexico
1101
-16
はじめ
12:12 Feudal Age
10:55 Loom
12:41 Feudal Age
14:46 Fletching
16:26 Padded Archer Armor
21:30 Castle Age
20:09 Double-Bit Axe
21:21 Horse Collar
CrookCrab8029
0:58 Loom
10:06 Feudal Age
13:26 Double-Bit Axe
16:36 Fletching
20:11 Scale Mail Armor
20:03 Horse Collar
23:56 Castle Age
Connection lost

Rejoining the realm…

Still unreachable

The connection could not be restored.

Session expired

The server has moved on; the page needs a fresh start.